 Dungeon Crawl Stone Soup version 0.20-a0-738-gb057e68 (webtiles) character file.

33 JeffiDaFish the Covered (level 3, -1/21 HPs)
             Began as a Gargoyle Fighter on Feb 23, 2017.
             Slain by a gnoll (6 damage)
             ... on level 2 of the Dungeon.
             The game lasted 00:01:52 (1044 turns).

JeffiDaFish the Covered (Gargoyle Fighter)          Turns: 1044, Time: 00:01:54

Health: -1/21      AC: 10    Str: 19    XL:     3   Next: 29%
Magic:  3/3        EV:  7    Int:  8    God:
Gold:   29         SH:  9    Dex: 10    Spells: 2/2 levels left

rFire    . . .     SeeInvis .   a - +0 flail
rCold    . . .     Gourm    .   b - +0 scale mail
rNeg     + . .     Faith    .   c - +0 shield
rPois    ∞         Spirit   .   (helmet restricted)
rElec    +         Reflect  .   (no cloak)
rCorr    .         Harm     .   (no gloves)
MR       .....                  (no boots)
Stlth    ..........             (no amulet)
Regen    0.1/turn               (no ring)
MPRegen  0.1/turn               (no ring)

@: no status effects
A: horns 1, frail 1, negative energy resistance 1, sense surroundings 1,
electricity resistance, unbreathing, petrification resistance, rot immunity,
sturdy frame 1, AC +3
a: no special abilities


You were on level 2 of the Dungeon.
You were not hungry.

You visited 1 branch of the dungeon, and saw 2 of its levels.

You collected 29 gold pieces.

Inventory:

Hand Weapons
 a - a +0 flail (weapon)
Armour
 b - a +0 scale mail (worn)
 c - a +0 shield (worn)
Scrolls
 e - a scroll of blinking
 i - a scroll of teleportation
Potions
 d - a potion of might
Comestibles
 f - a bread ration
 g - 4 chunks of flesh
 h - 3 meat rations


   Skills:
 + Level 3.7 Fighting
 + Level 2.2 Maces & Flails
 + Level 3.8 Armour
 + Level 3.7 Shields


You had 2 spell levels left.
You didn't know any spells.

Dungeon Overview and Level Annotations

Branches:
Dungeon (2/15)

Altars:
Fedhas


Innate Abilities, Weirdness & Mutations

You are resistant to torment.
Your stone body is resilient. (AC +3)
You are immune to poison.
You resist negative energy. (rN+)
You are resistant to electric shocks. (rElec)
You can survive without breathing.
You are immune to petrification.
You are immune to rotting.
You have a pair of small horns on your head.
You are frail. (-10% HP)
You passively map a small area around you.
Your movements are slightly less encumbered by armour. (ER -2)


Message History

You closely miss the gnoll. Your headbutt misses the gnoll.
The gnoll is heavily wounded.
The gnoll barely misses you. You block the gnoll's attack.
The gnoll barely misses you. The gnoll hits you but does no damage.
You closely miss the gnoll.
The gnoll is heavily wounded.
The gnoll hits you from afar with a spear.
The gnoll closely misses you. The gnoll hits you but does no damage.
You block the gnoll's attack.
You hit the gnoll.
The gnoll is heavily wounded.
You block the gnoll's attack. x2
You hit the gnoll but do no damage.
You headbutt the gnoll, but do no damage.
The gnoll is heavily wounded.
The gnoll hits you with a flail.
* * * LOW HITPOINT WARNING * * *
The gnoll hits you but does no damage. The gnoll closely misses you.
The gnoll hits you.
You die...

#.#.#.#........###.##
###.####.#
#.#.#.#........# ,....
** #.# #.#.#.#........#
, .... #.#
#...#.#........# .....
*#.# ....#.#........#
,..... #.#
......#......?.# ......,
#?#
....###........###....##
*#.# .....
............).!... , #.#
#.........@g...... #.# ,
....#####.gg...... *#.#
....* #...g.<... #.# ..[
#......... * , .. *
#.?....... , , ,
#......... * #.........
, , #......... , ,, * *


You could see 4 gnolls.

Vanquished Creatures
  A dart slug (D:1)
  2 giant cockroaches
  7 goblins
  4 hobgoblins (D:1)
  4 bats
  2 frilled lizards
  5 kobolds
  2 rats
27 creatures vanquished.

Notes
Turn   | Place    | Note
-------+----------+-------------------------------------------
     0 | D:1      | JeffiDaFish the Gargoyle Fighter began the quest for the Orb.
     0 | D:1      | Reached XP level 1. HP: 14/14 MP: 1/1
   222 | D:1      | Reached XP level 2. HP: 16/19 MP: 2/2
   573 | D:1      | Gained mutation: Your movements are slightly less encumbered by armour. (ER -2) [potion of mutation]
   573 | D:1      | Gained mutation: You passively map a small area around you. [potion of mutation]
   573 | D:1      | Gained mutation: You are frail. (-10% HP) [potion of mutation]
   573 | D:1      | Gained mutation: You have a pair of small horns on your head. [potion of mutation]
   803 | D:1      | Reached XP level 3. HP: 21/21 MP: 3/3
   985 | D:2      | Found a blossoming altar of Fedhas.
  1044 | D:2      | Slain by a gnoll

Vault maps used:
D:1:      evilmike_arrival_fibonacci_small, grunt_decor_arrowhead,
          minmay_tiny_reverse_x
D:2:      fedhas_altar_2

Action                   || total
-------------------------++-------
Melee: Flail             ||    81
       Headbutt          ||     7
  Use: Scroll            ||     5
       Potion            ||     3
  Eat: Chunk             ||     1
Armor: Scale mail        ||    42
Dodge: Dodged            ||    25
Block: Shield            ||    49
